 Dungeon Crawl Stone Soup version 0.23.2-30-g0e89c35649 (webtiles) character file.

Game seed: 13241173311814338465

472 Solarlg the Chopper (level 7, -3/61 HPs)
             Began as a Hill Orc Berserker on June 9, 2019.
             Was a Believer of Trog.
             Slain by Pikel
             ... wielding a +1 whip of flaming
              (13 damage)
             ... on level 4 of the Dungeon.
             The game lasted 00:13:38 (4486 turns).

Solarlg the Chopper (Hill Orc Berserker)            Turns: 4486, Time: 00:13:39

Health: -3/61      AC: 12    Str: 22    XL:     7   Next: 9%
Magic:  7/7        EV: 19    Int:  7    God:    Trog [**....]
Gold:   125        SH:  0    Dex: 10    Spells: 6/6 levels left

rFire    . . .     SeeInvis .   (weapon currently unavailable)
rCold    . . .     Gourm    .   (shield currently unavailable)
rNeg     + + +     Faith    .   (armour currently unavailable)
rPois    +         Spirit   .   (helmet currently unavailable)
rElec    .         Reflect  .   (cloak currently unavailable)
rCorr    .         Harm     .   (gloves currently unavailable)
MR       .....                  (boots currently unavailable)
Stlth    +.........             f - amulet of inaccuracy (curse)
HPRegen  0.20/turn              h - ring of wizardry
MPRegen  0.10/turn              (no ring)

@: fungus-form
A: tiny
a: Berserk, Trog's Hand, Renounce Religion


You were on level 4 of the Dungeon.
You worshipped Trog.
Trog was pleased with you.
You were very hungry.
You were a sentient fungus.
You visited 1 branch of the dungeon, and saw 4 of its levels.

You collected 125 gold pieces.

Inventory:

Hand Weapons
 a - a +0 hand axe (melded)
Armour
 b - a +0 animal skin
 p - a +0 scale mail (melded)
 B - a +0 helmet (melded)
Jewellery
 f - a cursed amulet of inaccuracy (around neck)
 h - a ring of wizardry (left hypha)
 r - an uncursed amulet of harm {unknown}
 u - a cursed -3 ring of strength {unknown}
 D - an uncursed amulet of guardian spirit {unknown}
 E - an uncursed amulet of rage {unknown}
 F - an uncursed ring of ice {unknown}
 G - an uncursed ring of resist corrosion {unknown}
Wands
 A - a wand of random effects (27)
Scrolls
 g - a scroll of remove curse {unknown}
 j - a scroll of blinking
 m - a scroll of identify
 n - 3 scrolls of magic mapping
 o - a scroll of amnesia {unknown}
 s - 3 scrolls of random uselessness {unknown}
 w - 2 scrolls of fog {unknown}
 x - 2 scrolls of immolation {unknown}
 y - a scroll of enchant armour {unknown}
 C - 3 scrolls of teleportation {unknown}
Potions
 d - a potion of invisibility {unknown}
 e - a potion of berserk rage
 i - a potion of cancellation {unknown}
 k - a potion of haste {unknown}
 l - 4 potions of heal wounds {unknown}
 q - 3 potions of curing {unknown}
 t - a potion of ambrosia {unknown}
 v - a potion of degeneration {unknown}
 z - a potion of lignification {unknown}
 I - a potion of might {unknown}
Comestibles
 c - 3 rations


   Skills:
 + Level 5.2 Fighting
 + Level 6.9 Axes
 + Level 4.8 Armour
 + Level 2.6 Dodging
 + Level 0.2 Stealth


You had 6 spell levels left.
You didn't know any spells.
Your spell library was empty.

Dungeon Overview and Level Annotations

Branches:
Dungeon (4/15)
 Temple: D:4-7

Altars:
Hepliaklqana
Kikubaaqudgha
Qazlal

Annotations:
D:4 Pikel


Message History

You feel sick.
You are no longer poisoned.
Pikel drinks a potion.
Pikel goes berserk!
The slave hits you but does no damage. The slave closely misses you.
The slave hits you but does no damage.
The crimson imp blinks!
The slave barely misses you. x2
Pikel hits you but does no damage. The slave completely misses you.
The slave hits you but does no damage. Pikel closely misses you.
The slave hits you.
* * * LOW HITPOINT WARNING * * *
The slave misses you.
Pikel hits you with a +1 whip of flaming.
* * * LOW HITPOINT WARNING * * *
Pikel burns you.
* * * LOW HITPOINT WARNING * * *
You are too injured to fight recklessly!
You release spores at Pikel!!
Pikel is moderately wounded.
Pikel hits you with a +1 whip of flaming!
You die...

.....!..##.......# #........#
........#..._....# #<.......#
.................# #........#
.......#.........# #........#
.................# #........#
.{o..............# #........#
.................#####........#
...............#))............#
...............#f###..........#
.......o.>....pKpp5#.##########
......5.........o....#
......h<...........###
...................#
...................#
..##...............#
..#................#
.#......#..........#


You could see Pikel (berserk), 3 slaves, a crimson imp and an orc.

Vanquished Creatures
  A wyvern (D:3)
  A scorpion (D:3)
  A howler monkey (D:4)
  A centaur skeleton (D:4)
  2 orc wizards (D:4)
  A worker ant (D:4)
  Robin (D:2)
  6 adders
  A worm (D:3)
  A dart slug (D:1)
  4 orcs (D:4)
  5 giant cockroaches
  3 hobgoblins (D:2)
  3 jackals (D:3)
  8 kobolds
  A quokka (D:2)
  4 bats
  6 frilled lizards
  15 goblins
  A jackal skeleton (D:2)
  A quokka skeleton (D:4)
  7 rats
74 creatures vanquished.

Notes
Turn   | Place    | Note
-------+----------+-------------------------------------------
     0 | D:1      | Solarlg the Hill Orc Berserker began the quest for the Orb.
     0 | D:1      | Reached XP level 1. HP: 19/19 MP: 1/1
   213 | D:1      | Reached XP level 2. HP: 21/27 MP: 2/2
  1228 | D:2      | Found an ancient bone altar of Kikubaaqudgha.
  1263 | D:2      | Reached XP level 3. HP: 19/33 MP: 3/3
  1517 | D:2      | Reached skill level 5 in Axes
  1797 | D:2      | Reached XP level 4. HP: 30/41 MP: 4/4
  2024 | D:2      | Reached ** piety under Trog
  2050 | D:2      | Noticed Robin
  2071 | D:2      | Killed Robin
  2812 | D:3      | Found a stormy altar of Qazlal.
  2980 | D:3      | Noticed a wyvern
  2994 | D:3      | HP: 2/61 [wyvern (5)]
  3001 | D:3      | Killed a wyvern
  3001 | D:3      | Reached skill level 6 in Axes
  3001 | D:3      | Reached XP level 5. HP: 4/47 MP: 5/5
  3001 | D:3      | Reached XP level 6. HP: 4/53 MP: 6/6
  3753 | D:4      | Found a hazy altar of Hepliaklqana.
  4398 | D:4      | Reached skill level 5 in Fighting
  4424 | D:4      | Reached XP level 7. HP: 54/61 MP: 7/7
  4469 | D:4      | Noticed Pikel
  4486 | D:4      | Slain by Pikel

Skill      XL: |  1  2  3  4  5  6 |
---------------+-------------------+-----
Fighting       | 4 5 |  5.2
Axes           | 5 6 |  6.9
Dodging        | 2 |  2.6
Armour         | 3 4 |  4.8
Stealth        | |  0.2

Action                   |  1- 3 |  4- 6 |  7- 9 || total
-------------------------+-------+-------+-------++-------
Melee: Hand axe          |   162 |   256 |    42 ||   460
       Unarmed           |       |       |     1 ||     1
Invok: Berserk           |       |     2 |       ||     2
  Use: Scroll            |     2 |       |       ||     2
 Stab: Distracted        |       |     1 |       ||     1
  Eat: Ration            |     1 |     1 |       ||     2
       Chunk             |       |     6 |       ||     6
Armor: Animal skin       |    41 |       |       ||    41
       Scale mail        |    41 |   113 |    15 ||   169
       Skin              |       |       |     6 ||     6
Dodge: Dodged            |   118 |   124 |    43 ||   285
